Map: Flashback EE

Players

TATORREA

  • Race: Protoss Protoss
  • League: Gold
  • Spawn Location: 11:00

MrFercho

  • Race: Zerg Zerg
  • League: Silver
  • Spawn Location: 11:00

tigro

  • Race: Terran Terran
  • League: Bronze
  • Spawn Location: 9:00

Renicito

  • Race: Zerg Zerg
  • Spawn Location: 7:00

grabielccc

  • Race: Terran Terran
  • Spawn Location: 7:00

TrumpTrain

  • Race: Zerg Zerg
  • Spawn Location: 7:00

VOD

Have the link to the VOD?

Description

Time

  • Played on: July 9, 2020, 11:45 p.m.
  • Length: 24:21
Show
View Real Time Build Order
Export as new Build Order

TATORREA Protoss 

Build Orders:  

Get SALT Encoding   

  12  0:01  Probe  
  13  0:14  Probe  
  14  0:26  Probe  
  14  0:27  Pylon  
  15  0:45  Probe  
  15  0:48  Gateway  
  16  0:53  Assimilator, Probe  
  16  1:01  Probe  
  17  1:08  Pylon  
  17  1:09  Probe  
  18  1:15  Assimilator  
  18  1:17  Probe  
  20  1:26  Probe  
  21  1:45  Cybernetics Core  
  21  1:46  Probe  
  22  1:49  Zealot  
  24  1:58  Probe  
  25  2:05  Gateway  
  25  2:07  Gateway  
  25  2:22  Warp Gate  
  25  2:23  Stalker  
  27  2:35  Shield Battery  
  27  2:37  Shield Battery  
  27  2:53  Stalker  
  29  3:05  Nexus  
  29  3:12  Probe  
  29  3:13  Pylon  
  30  3:20  Probe  
  31  3:30  Probe  
  31  3:31  Stalker  
  34  3:43  Probe  
  35  3:55  Probe  
  36  3:58  Robotics Facility  
  36  4:00  Gateway  
  36  4:02  Pylon  
  36  4:12  Stalker  
  38  4:17  Stalker  
  40  4:28  Probe x2  
  40  4:30  Stalker  
  44  4:40  Probe  
  44  4:41  Stalker  
  47  4:55  Stalker  
  47  4:56  Stalker  
  47  4:59  Probe x2  
  53  5:03  Observer  
  54  5:12  Probe  
  54  5:13  Probe  
  56  5:21  Assimilator  
  56  5:24  Immortal, Probe  
  56  5:25  Probe  
  62  5:44  Assimilator  
  62  5:45  Pylon  
  62  5:48  Pylon  
  62  5:49  Pylon  
  62  6:03  Probe x2  
  64  6:09  Stalker x3  
  64  6:10  Stalker  
  72  6:15  Probe x2  
  74  6:23  Immortal  
  78  6:27  Probe x2  
  80  6:35  Twilight Council  
  80  6:37  Forge  
  80  6:39  Forge  
  80  7:00  Stalker x3  
  64  7:17  Probe x2  
  44  7:25  Probe x2  
  44  7:34  Probe x2  
  46  7:46  Probe x2  
  48  7:58  Probe x2  
  50  8:10  Probe  
  50  8:11  Probe  
  52  8:22  Probe  
  52  8:23  Probe  
  52  8:26  Stalker  
  56  8:27  Stalker x3  
  62  8:35  Probe x2  
  64  8:51  Stalker x2  
  64  8:52  Stalker x2  
  72  8:59  Probe x2  
  74  9:06  Immortal  
  78  9:14  Probe  
  78  9:15  Probe  
  80  9:19  Stalker x2  
  80  9:20  Stalker  
  86  9:40  Protoss Ground Weapons Level 1  
  86  9:41  Protoss Ground Armor Level 1  
  86  9:55  Pylon  
  86  10:00  Blink  
  86  10:02  Pylon  
  86  10:13  Forge, Observer  
  87  10:14  Pylon  
  87  10:20  Pylon  
  87  10:30  Stalker x2  
  87  10:31  Stalker x2  
  87  10:34  Immortal  
  99  10:45  Nexus  
  99  10:51  Pylon  
  99  10:53  Protoss Shields Level 1  
  99  10:55  Pylon  
  99  11:03  Stalker x3  
  99  11:04  Stalker  
  104  11:32  Probe x2  
  106  11:40  Stalker  
  106  11:41  Stalker x3  
  106  11:44  Probe x2  
  106  11:45  Protoss Ground Weapons Level 2  
  116  11:58  Protoss Ground Armor Level 2  
  116  12:00  Probe x2  
  116  12:01  Probe  
  119  12:03  Charge  
  119  12:06  Gateway  
  119  12:08  Gateway  
  119  12:11  Gateway  
  119  12:14  Gateway  
  119  12:17  Gateway  
  119  12:19  Gateway  
  119  12:21  Gateway  
  119  12:36  Probe x2  
  121  12:38  Probe  
  121  12:42  Stalker  
  124  12:46  Nexus  
  124  12:47  Pylon  
  124  12:52  Pylon  
  124  12:56  Probe x2  
  124  12:57  Probe  
  127  13:06  Stalker x4  
  127  13:12  Assimilator, Probe x3  
  138  13:15  Assimilator  
  72  13:43  Observer  
  72  13:46  Stalker x2  
  72  13:47  Stalker x5  
  72  13:48  Stalker x2  
  91  13:49  Stalker  
  91  13:51  Probe x2  
  91  13:52  Probe  
  96  14:01  Probe  
  97  14:03  Probe x2  
  97  14:04  Probe, Observer  
  101  14:13  Probe  
  101  14:15  Stalker x5  
  112  14:20  Stalker  
  112  14:23  Probe x2  
  116  14:24  Probe  
  117  14:33  Assimilator  
  117  14:34  Stalker x2  
  117  14:37  Assimilator  
  121  14:48  Probe x3  
  121  14:49  Probe  
  125  15:00  Protoss Ground Weapons Level 3  
  125  15:02  Protoss Ground Armor Level 3  
  125  15:03  Protoss Shields Level 2, Probe x4  
  129  15:07  Stalker x2  
  129  15:08  Nexus  
  129  15:11  Pylon  
  129  15:14  Pylon  
  133  15:16  Pylon  
  133  15:18  Probe x2  
  133  15:19  Probe  
  136  16:08  Stalker x2  
  136  16:09  Stalker x3  
  136  16:10  Stalker  
  148  16:16  Nexus  
  148  16:18  Pylon  
  148  16:21  Gateway, Pylon  
  148  16:24  Gateway  
  148  16:25  Gateway  
  148  16:29  Gateway  
  148  16:32  Stalker x4  
  154  16:33  Stalker x3, Templar Archives  
  154  16:34  Stalker x2  
  140  17:00  Stalker x2  
  140  17:01  Stalker x4  
  106  17:02  Stalker x2  
  106  17:03  Stalker x3  
  104  17:24  Stalker x4  
  104  17:25  Stalker  
  104  17:26  Stalker x3  
  104  17:27  Stalker x2  
  124  17:47  Assimilator  
  124  17:48  Assimilator  
  124  17:54  Stalker x2  
  124  17:55  Stalker x2  
  124  17:56  Stalker x5  
  124  17:57  Stalker x2  
  124  17:58  Stalker x3  
  152  18:26  Zealot x3  
  152  18:27  Zealot x4  
  160  18:28  Zealot x4  
  160  18:29  Zealot x3  
  160  18:30  Zealot  
  182  18:52  Stalker x3  
  182  18:53  Stalker x5  
  182  18:54  Stalker  
  69  19:38  Stalker  
  69  19:39  Stalker x4  
  69  19:40  Stalker x4  
  69  19:41  Stalker x2  
  81  20:16  Probe x5  
  86  20:22  Nexus  
  86  20:25  Pylon x2  
  86  20:28  Probe x5  
  89  20:30  Zealot x5  
  89  20:31  Zealot x4  
  89  20:32  Zealot x2  
  113  20:40  Probe x3  
  113  20:42  Probe x2  
  118  20:52  Probe x2  
  120  21:02  Zealot x2  
  120  21:03  Zealot x5  
  120  21:04  Zealot x4  
  142  21:26  Stalker x2  
  142  21:27  Stalker x2  
  142  21:28  Stalker x3  
  142  21:29  Stalker x2  
  142  21:30  Stalker x2  
  164  21:35  Assimilator  
  164  21:37  Assimilator  
  108  22:19  Stalker x2  
  110  22:51  Pylon  
  110  22:57  Pylon  
  102  23:00  Gateway x2  
  102  23:01  Probe x2  
  102  23:02  Probe  
  102  23:04  Gateway  
  91  23:07  Gateway  
  91  23:09  Gateway  
  85  23:13  Gateway  
  85  23:16  Gateway  
  85  23:19  Gateway  
Show
View Real Time Build Order
Export as new Build Order

MrFercho Zerg 

Build Orders: Hatch First, Lurkers 

Get SALT Encoding   

  12  0:01  Drone  
  13  0:15  Overlord  
  13  0:18  Drone  
  14  0:33  Drone x2  
  16  1:02  Drone x2  
  18  1:04  Drone  
  18  1:06  Hatchery  
  18  1:19  Drone  
  18  1:21  Spawning Pool  
  18  1:23  Drone  
  19  1:33  Extractor  
  19  1:35  Drone  
  19  1:47  Drone  
  20  1:56  Drone  
  21  2:09  Overlord  
  21  2:17  Queen x2  
  21  2:20  Drone x2  
  27  2:29  Drone x2  
  29  2:43  Drone x2  
  31  2:49  Drone  
  31  2:51  Drone  
  33  2:58  Pneumatized Carapace  
  33  3:06  Drone x2  
  33  3:12  Hatchery  
  34  3:15  Lair  
  34  3:21  Drone  
  34  3:22  Roach Warren, Drone  
  35  3:36  Extractor, Drone  
  35  3:37  Drone  
  35  3:38  Extractor  
  35  3:49  Extractor, Drone x2  
  36  4:05  Overlord x5  
  36  4:29  Roach x6  
  48  4:39  Spore Crawler  
  48  4:41  Spore Crawler  
  46  5:00  Drone x3  
  46  5:02  Drone x3  
  52  5:08  Drone  
  52  5:09  Drone x3  
  56  5:26  Evolution Chamber  
  56  5:28  Hatchery, Evolution Chamber  
  53  5:29  Extractor, Drone  
  53  5:30  Drone x3  
  56  5:37  Metabolic Boost  
  56  5:40  Roach  
  56  5:41  Roach x3  
  64  6:16  Ravager  
  64  6:17  Ravager x2  
  64  6:18  Ravager  
  68  6:20  Ravager  
  68  6:22  Roach x3  
  68  6:24  Overlord x5  
  75  6:33  Drone  
  76  6:40  Overlord  
  76  6:41  Overlord x2  
  76  6:42  Overlord  
  76  6:46  Zerg Ground Armor Level 1, Zerg Missile Weapons Level 1  
  76  6:51  Queen  
  76  6:52  Drone x3  
  81  6:58  Extractor  
  80  7:08  Zergling x12  
  86  7:49  Spore Crawler  
  85  7:56  Overseer  
  85  8:06  Infestation Pit  
  85  8:08  Drone x13  
  97  8:36  Hydralisk Den  
  96  9:06  Muscular Augments  
  96  9:12  Lurker Den  
  95  9:26  Overseer  
  95  9:38  Hive  
  95  9:39  Zerg Ground Armor Level 2  
  95  9:41  Nydus Network, Zerg Missile Weapons Level 2  
  94  10:18  Grooved Spines  
  94  10:30  Hydralisk  
  94  10:31  Hydralisk x6  
  108  10:52  Seismic Spines  
  108  11:04  Hydralisk x6  
  120  11:49  Adaptive Talons  
  120  11:55  Hydralisk x14  
  120  11:56  Hydralisk  
  150  12:11  Zergling x8  
  150  12:13  Overlord  
  150  12:14  Overlord x3  
  154  12:39  Nydus Canal  
  154  12:45  Zergling x14  
  154  12:46  Zergling x6  
  154  12:48  Zerg Missile Weapons Level 3, Zerg Ground Armor Level 3  
  154  12:50  Adrenal Glands  
  164  13:03  Hydralisk x7  
  178  13:08  Lurker x8  
  186  13:41  Overseer  
  186  13:50  Overlord x11  
  72  14:49  Spore Crawler x2  
  72  14:50  Spore Crawler  
  72  14:51  Spore Crawler x2  
  66  14:53  Spore Crawler  
  66  14:56  Spore Crawler x2  
  66  14:57  Spore Crawler  
  62  15:00  Spore Crawler  
  62  15:01  Spore Crawler  
  62  15:03  Zergling x4  
  62  15:04  Zergling x28  
  76  15:22  Baneling Nest  
  75  15:40  Zergling x22  
  86  16:05  Centrifical Hooks  
  86  16:08  Baneling  
  86  16:09  Baneling x23  
  86  16:10  Baneling x2  
  86  16:11  Baneling x13  
  86  16:12  Baneling  
  86  16:13  Zerg Melee Weapons Level 1  
  49  16:54  Hydralisk x2  
  37  16:55  Hydralisk x13  
  67  17:04  Zergling x12  
  70  17:58  Hydralisk x14  
  98  18:14  Hatchery, Lurker x5  
  98  18:15  Lurker x8  
  110  18:21  Hatchery  
  109  18:49  Zergling x2  
  109  18:50  Zergling x20  
  120  19:11  Extractor  
  120  19:12  Extractor  
  120  19:16  Hydralisk x7  
  85  21:23  Hatchery  
  85  21:25  Extractor  
  45  22:45  Drone x5  
  45  22:46  Drone x7  
  45  22:51  Drone x2  
  17  23:59  Drone  
  17  24:00  Drone x2  
Show
View Real Time Build Order
Export as new Build Order

tigro Terran 

Build Orders:  

Get SALT Encoding   

  12  0:03  SCV  
  13  0:15  SCV  
  14  0:27  SCV  
  15  0:32  Supply Depot  
  15  0:45  Refinery  
  15  0:54  SCV  
  15  0:55  Supply Depot  
  16  0:58  Barracks  
  16  1:06  SCV  
  17  1:18  SCV  
  18  1:30  SCV  
  19  1:33  Refinery  
  19  1:42  SCV  
  20  1:54  Marine, SCV  
  21  2:01  Barracks  
  22  2:06  SCV  
  23  2:11  Marine  
  24  2:18  SCV  
  25  2:29  Marine, Engineering Bay  
  26  2:37  Orbital Command  
  26  2:47  Marine  
  26  2:50  Factory  
  27  2:56  Barracks Reactor  
  27  3:05  Marine  
  28  3:27  Barracks Tech Lab  
  28  3:45  Command Center  
  28  3:47  Factory Tech Lab  
  28  3:51  Combat Shield  
  28  3:54  Terran Infantry Weapons Level 1  
  28  3:57  Marine x3  
  31  4:07  Siege Tank  
  34  4:15  Marine x3  
  37  4:33  Marine x2  
  39  4:48  Missile Turret  
  39  4:57  Siege Tank  
  42  5:06  Refinery  
  42  5:08  Missile Turret  
  42  5:10  Stimpack  
  42  5:18  Starport  
  42  5:20  SCV  
  43  5:28  Missile Turret  
  43  5:32  SCV  
  44  5:48  Terran Infantry Armor Level 1  
  44  5:50  Missile Turret  
  44  5:56  Medivac  
  44  5:57  Starport  
  46  6:26  Refinery, SCV  
  47  6:38  Armory, SCV  
  48  6:49  Starport Tech Lab x2  
  48  6:50  SCV  
  49  7:02  SCV  
  50  7:14  SCV  
  51  7:26  Fusion Core, SCV  
  52  7:43  Hi-Sec Auto Tracking  
  52  7:53  Missile Turret  
  52  7:58  Terran Vehicle Weapons Level 1  
  52  8:03  Siege Tank  
  55  8:22  Viking  
  57  8:40  Neosteel Armor  
  57  8:51  Viking  
  57  8:55  Missile Turret  
  59  9:08  SCV  
  60  9:20  SCV  
  61  9:32  SCV  
  62  9:40  Cloaking Field  
  62  9:52  Terran Vehicle And Ship Armor Level 1  
  62  10:19  Terran Infantry Weapons Level 2  
  62  10:26  Missile Turret  
  62  10:44  SCV  
  59  10:56  SCV  
  52  10:58  Corvid Reactor  
  52  11:03  Marine x3  
  50  11:21  Marine x3  
  53  11:26  Battlecruiser  
  53  11:32  Weapon Refit  
  59  11:38  Marine  
  59  11:39  Marine x2  
  62  12:12  Supply Depot  
  62  12:18  Hyperflight Rotors  
  62  12:33  Marine x2, Battlecruiser  
  62  12:35  Supply Depot, Terran Infantry Armor Level 2  
  70  12:43  Marine, Battlecruiser  
  77  12:51  Marine  
  77  12:56  Thor, Marine  
  85  12:58  Supply Depot  
  85  13:01  Marine  
  86  13:20  Marine x3  
  89  13:37  Marine x3  
  89  13:38  Battlecruiser  
  89  13:39  Thor  
  104  13:48  Battlecruiser  
  110  14:12  Command Center  
  110  14:29  Marine x3  
  98  14:42  Medivac  
  97  14:46  Marine x2  
  97  14:47  Marine  
  97  14:51  Terran Infantry Weapons Level 3  
  97  14:52  Battlecruiser  
  100  15:04  Marine x3  
  102  15:12  Battlecruiser  
  94  15:22  Marine  
  72  15:56  Battlecruiser  
  67  16:15  Refinery  
  67  16:16  Battlecruiser  
  67  16:17  Planetary Fortress  
  73  16:29  Marine x3  
  76  16:47  Marine x3  
  75  17:00  Battlecruiser  
  79  17:05  Marine x3  
  78  17:20  Battlecruiser  
  71  17:22  Marine  
  71  17:23  Marine x2  
  68  17:40  Marine  
  68  17:41  Marine x2  
  71  17:58  Marine  
  71  18:04  Battlecruiser  
  78  18:20  SCV  
  78  18:22  Marine x3  
  82  18:33  SCV  
  83  18:37  SCV  
  83  18:39  Marine  
  83  18:40  Marine x2  
  87  18:49  SCV  
  88  18:57  Marine  
  88  18:58  Marine x2  
  88  19:02  SCV  
  92  19:14  SCV  
  92  19:15  Marine x3  
  96  19:26  SCV  
  97  19:33  Marine  
  98  19:57  Refinery  
  98  20:04  SCV  
  99  20:16  SCV  
  100  20:29  SCV  
  101  20:38  Medivac x2  
  101  20:40  Marine  
  101  20:41  Marine x2, SCV  
  109  20:53  SCV  
  63  23:08  Supply Depot  
  42  23:31  Supply Depot  
  14  23:53  Supply Depot  
  14  24:03  Engineering Bay, SCV  
  15  24:14  Barracks  
Show
View Real Time Build Order
Export as new Build Order

Renicito Zerg 

Build Orders: Pool First 

Get SALT Encoding   

  12  0:01  Drone  
  13  0:11  Drone  
  14  0:22  Extractor  
  14  0:23  Extractor  
  14  0:24  Drone x2  
  15  0:31  Overlord  
  16  0:49  Drone x2  
  18  0:56  Drone  
  19  1:03  Spawning Pool  
  18  1:06  Extractor  
  18  1:08  Extractor, Drone  
  17  1:20  Drone  
  18  1:30  Evolution Chamber  
  17  1:40  Drone x2  
  19  1:50  Queen  
  19  1:52  Zergling x2  
  22  1:58  Zerg Melee Weapons Level 1  
  22  2:03  Overlord  
  22  2:24  Drone  
  22  2:26  Hatchery, Drone  
  23  2:34  Metabolic Boost  
  23  2:38  Drone  
  24  2:44  Drone  
  25  2:58  Lair  
  25  3:10  Overlord  
  25  3:13  Zergling x6  
  28  3:25  Drone  
  29  3:30  Spore Crawler  
  28  3:35  Zergling x6  
  28  3:39  Drone  
  32  3:44  Queen  
  34  3:50  Drone  
  34  3:54  Overlord  
  35  4:05  Zerg Ground Armor Level 1  
  35  4:10  Pneumatized Carapace  
  35  4:14  Drone  
  35  4:16  Drone  
  37  4:19  Drone  
  38  4:33  Nydus Network  
  37  4:41  Drone  
  37  4:42  Drone  
  37  4:44  Zergling x6  
  43  4:45  Zergling x2  
  43  4:51  Overlord  
  43  4:56  Overseer  
  43  5:02  Drone x2  
  45  5:17  Overseer  
  45  5:21  Zergling x10  
  48  5:22  Zergling x2  
  48  5:27  Drone x4  
  55  5:34  Extractor  
  54  5:37  Extractor  
  54  5:38  Burrow  
  54  5:42  Zergling x2  
  54  5:43  Zergling x6  
  54  5:48  Zergling x2  
  54  5:49  Zergling x4  
  60  5:54  Overlord  
  60  6:12  Overlord x2  
  60  6:20  Zerg Ground Armor Level 2  
  60  6:41  Nydus Canal  
  60  6:47  Zergling x8  
  60  6:48  Zergling x4  
  60  6:51  Drone x4  
  60  6:53  Queen  
  47  7:45  Infestation Pit  
  46  7:55  Zergling x10  
  46  7:56  Zergling x2  
  52  8:14  Hatchery  
  51  8:21  Extractor, Drone x2  
  51  8:22  Drone  
  51  8:23  Extractor  
  51  8:26  Hive  
  52  8:27  Drone x3  
  52  8:28  Drone  
  52  8:31  Drone x3  
  59  8:40  Nydus Canal  
  59  8:56  Drone x3  
  62  9:09  Drone x3  
  65  9:52  Overseer  
  65  10:02  Nydus Canal  
  65  10:42  Ultralisk Cavern  
  64  10:45  Spire  
  63  10:57  Queen  
  63  10:58  Drone x3  
  63  11:00  Overlord  
  63  11:01  Overlord x5  
  63  11:02  Overlord x2  
  68  11:05  Overseer  
  68  11:08  Overseer  
  68  11:11  Drone  
  69  11:28  Queen  
  69  11:29  Chitinous Plating  
  69  11:32  Queen  
  60  11:34  Zerg Ground Armor Level 3  
  60  11:36  Ultralisk x5  
  60  11:37  Ultralisk  
  98  11:54  Spine Crawler  
  98  12:01  Zerg Flyer Weapons Level 1  
  97  12:07  Drone x3  
  100  12:12  Drone x5  
  100  12:13  Drone x6  
  111  12:29  Evolution Chamber  
  110  12:35  Spine Crawler  
  109  12:39  Ultralisk x2  
  121  12:48  Anabolic Synthesis  
  121  12:50  Drone x3  
  124  13:15  Hatchery  
  123  13:35  Ultralisk x3  
  123  13:38  Overlord x4  
  123  13:39  Overlord x2  
  141  13:46  Zerg Melee Weapons Level 2  
  141  13:55  Zerg Flyer Armor Level 1  
  141  13:59  Hydralisk Den  
  140  14:11  Ultralisk x4, Zerg Missile Weapons Level 1  
  140  14:12  Ultralisk  
  134  14:49  Ultralisk x5  
  164  15:21  Overseer  
  164  15:31  Queen  
  164  15:32  Drone x3  
  169  15:42  Ultralisk x4  
  193  16:00  Extractor  
  193  16:01  Nydus Canal  
  193  16:03  Extractor  
  191  16:06  Zergling x4  
  191  16:07  Zergling x8, Queen  
  181  17:00  Ultralisk x5  
  181  17:01  Ultralisk  
  187  17:06  Zergling x8  
  187  17:08  Zergling x4  
  187  17:11  Zergling x6  
  187  17:14  Overlord x4  
  187  17:15  Overlord x2  
  160  17:31  Drone x3  
  152  18:10  Overseer  
  152  18:18  Ultralisk x3  
  152  18:19  Ultralisk x4  
  194  18:20  Zergling x2  
  194  18:21  Zergling x8  
  194  18:22  Zergling x2  
  200  18:35  Nydus Canal  
  200  19:03  Hatchery  
  178  19:51  Overseer x2  
  178  19:55  Ultralisk x3  
  196  20:02  Zerg Missile Weapons Level 2, Zerg Melee Weapons Level 3  
  196  20:18  Drone  
  197  20:29  Nydus Canal  
  196  21:18  Overlord x3  
  196  21:25  Hydralisk  
  163  22:11  Extractor x2  
  134  22:28  Ultralisk x2  
  134  22:29  Ultralisk x5  
  183  22:30  Ultralisk x4  
  183  22:31  Zergling x2  
  183  22:32  Zergling x6  
  174  23:04  Zergling x2  
  174  23:05  Zergling x12  
  119  23:56  Drone x2  
  119  23:57  Drone  
Show
View Real Time Build Order
Export as new Build Order

grabielccc Terran 

Build Orders:  

Get SALT Encoding   

  12  0:02  SCV  
  13  0:14  SCV  
  14  0:26  SCV  
  15  1:00  Supply Depot  
  15  1:01  Supply Depot  
  15  1:22  SCV  
  16  1:26  Barracks  
  16  1:34  SCV  
  16  1:38  Refinery  
  17  1:46  SCV  
  18  1:58  SCV  
  19  2:10  SCV  
  20  2:17  Barracks  
  20  2:22  SCV  
  21  2:26  Refinery  
  21  2:31  Command Center  
  21  2:34  SCV  
  22  2:46  SCV  
  22  2:48  Reaper  
  24  2:59  SCV  
  25  3:10  Supply Depot  
  25  3:11  Reaper, SCV  
  27  3:20  Reaper  
  27  3:23  SCV  
  29  3:31  Supply Depot  
  29  3:38  Factory  
  29  3:43  Reaper  
  30  3:52  Marine  
  30  3:54  SCV  
  32  3:59  Bunker  
  32  4:06  SCV  
  33  4:10  Marine  
  34  4:18  SCV  
  34  4:20  Barracks Tech Lab  
  35  4:28  Marine  
  35  4:31  Refinery, SCV  
  37  4:43  SCV  
  37  5:13  SCV  
  38  5:18  Starport  
  38  5:19  Factory Tech Lab  
  38  5:21  Barracks Tech Lab  
  38  5:23  Orbital Command  
  38  5:25  SCV  
  37  5:45  Siege Tank  
  40  5:55  Engineering Bay  
  40  6:00  Marine  
  41  6:12  Starport  
  41  6:13  Starport Tech Lab  
  41  6:17  Siege Tank  
  41  6:18  Marine  
  45  6:27  SCV  
  46  6:35  Marine  
  46  6:38  Terran Infantry Weapons Level 1  
  46  6:39  SCV  
  48  6:45  Fusion Core  
  48  6:49  Siege Tank  
  48  6:51  SCV  
  48  6:53  Marine  
  53  6:58  Starport  
  53  7:03  SCV  
  54  7:11  Marine  
  54  7:15  SCV  
  56  7:36  Starport, Starport Tech Lab  
  56  7:49  Ghost Academy  
  56  8:18  Starport Tech Lab  
  56  8:19  Starport Tech Lab  
  56  8:26  Armory  
  56  8:32  Terran Infantry Armor Level 1  
  56  8:37  Refinery  
  56  8:50  Battlecruiser  
  62  9:03  Supply Depot  
  62  9:12  Supply Depot  
  62  9:18  Supply Depot  
  62  9:23  Supply Depot  
  62  9:24  Battlecruiser  
  62  9:26  Supply Depot  
  68  9:35  Supply Depot  
  68  9:41  Supply Depot  
  68  9:45  Supply Depot  
  68  9:48  Siege Tank  
  71  9:59  Starport  
  71  10:20  Siege Tank  
  74  10:49  Battlecruiser  
  83  10:50  Battlecruiser  
  83  10:52  Siege Tank  
  86  11:04  Supply Depot  
  86  11:20  Personal Cloaking  
  86  11:24  Terran Ship Weapons Level 1, Siege Tank  
  89  11:28  Supply Depot  
  89  11:54  Ghost  
  89  11:58  Refinery  
  94  12:05  Battlecruiser  
  100  12:09  Siege Tank  
  100  12:22  Refinery  
  100  12:46  Nuke  
  100  12:55  Rapid Reignition System  
  100  13:03  SCV  
  101  13:10  Ghost  
  101  13:12  Ghost  
  104  13:15  SCV  
  102  13:40  Ghost  
  104  13:55  Medivac  
  74  15:55  Battlecruiser  
  74  15:56  Battlecruiser x2  
  92  16:11  Terran Ship Weapons Level 2  
  92  17:00  Battlecruiser x3  
  110  17:01  Command Center  
  110  17:10  Ghost  
  112  17:39  Ghost  
  114  18:04  Viking x3  
  120  18:34  Viking x3  
  123  19:04  Viking x3  
  118  19:54  Battlecruiser  
  118  19:55  Battlecruiser  
  118  19:56  Battlecruiser  
  118  19:58  Marine  
  118  19:59  Marine  
  137  20:16  Marine  
  137  20:17  Marine  
  139  20:29  Refinery  
  139  20:34  Marine  
  139  20:35  Marine  
  141  21:01  Battlecruiser  
  147  21:04  Command Center  
  147  21:08  Refinery  
Show
View Real Time Build Order
Export as new Build Order

TrumpTrain Zerg 

Build Orders: 3 Hatch before Pool, Lurkers 

Get SALT Encoding   

  12  0:10  Drone x2  
  14  0:22  Overlord  
  14  0:42  Drone x2  
  16  0:44  Drone  
  17  0:58  Hatchery  
  16  1:17  Hatchery  
  15  1:25  Extractor  
  14  1:27  Drone x2  
  14  1:28  Drone  
  17  1:47  Spawning Pool  
  17  1:51  Drone x2  
  18  2:22  Overlord  
  18  2:39  Zergling x10  
  18  2:40  Zergling x4  
  25  2:44  Metabolic Boost  
  25  2:53  Spore Crawler  
  25  2:55  Zergling x8  
  28  3:09  Zergling x6  
  31  3:15  Zergling x4  
  31  3:16  Zergling x2  
  34  3:24  Zergling x4  
  36  3:32  Zergling x2  
  37  3:34  Overlord  
  37  3:47  Zergling x6  
  40  3:48  Zergling x2  
  40  3:51  Zergling x2  
  42  4:05  Zergling x6  
  44  4:36  Lair  
  44  4:41  Spine Crawler  
  44  4:45  Spine Crawler  
  42  4:49  Evolution Chamber  
  42  4:52  Spine Crawler  
  40  5:28  Drone x3  
  43  5:35  Extractor  
  42  5:39  Hydralisk Den, Drone x3  
  42  5:42  Queen  
  46  5:53  Spore Crawler  
  46  5:55  Drone  
  46  6:02  Drone x2  
  48  6:04  Drone  
  49  6:18  Lurker Den  
  48  6:23  Muscular Augments  
  48  6:25  Drone  
  49  6:38  Drone  
  50  6:52  Overlord  
  50  7:04  Extractor  
  50  7:08  Extractor  
  48  7:11  Queen  
  48  7:12  Drone  
  48  7:13  Drone x2  
  53  7:25  Hydralisk x2  
  57  7:35  Drone, Grooved Spines  
  58  7:37  Overlord  
  58  7:39  Overseer  
  58  7:55  Overseer  
  58  8:02  Lurker x2  
  60  8:05  Overseer  
  60  8:09  Drone x3  
  60  8:10  Drone x3  
  66  8:23  Spore Crawler  
  65  8:29  Evolution Chamber  
  64  8:52  Hydralisk  
  64  8:55  Overlord x3  
  66  9:02  Zerg Melee Weapons Level 1  
  66  9:09  Infestation Pit  
  65  9:14  Zerg Missile Weapons Level 1  
  65  9:16  Hydralisk x2  
  65  9:17  Hydralisk  
  65  9:20  Lurker  
  72  9:29  Hydralisk  
  72  9:30  Evolution Chamber  
  73  9:38  Drone x3  
  76  9:42  Burrow  
  76  9:51  Lurker  
  77  9:57  Lurker  
  53  11:08  Lurker x2  
  55  11:12  Hive  
  55  11:13  Pneumatized Carapace  
  55  11:14  Drone x2  
  55  11:15  Drone x2  
  55  11:18  Zerg Melee Weapons Level 2  
  59  11:27  Drone x2  
  59  11:28  Drone x4  
  65  12:07  Hydralisk x6  
  77  12:14  Hydralisk x4  
  77  12:15  Hydralisk x2  
  89  12:30  Seismic Spines  
  89  12:45  Drone  
  89  12:47  Overlord x2  
  90  12:58  Extractor  
  90  13:01  Extractor  
  88  13:18  Lurker x6  
  85  13:52  Zerg Missile Weapons Level 2  
  85  13:57  Zerg Ground Armor Level 1  
  77  14:27  Hydralisk Den  
  61  15:21  Hatchery  
  60  15:37  Lurker Den  
  59  16:26  Zerg Melee Weapons Level 3  
  59  16:28  Zerg Missile Weapons Level 3  
  59  16:40  Drone  
  59  16:45  Drone  
  61  16:58  Spawning Pool  
  60  17:13  Drone x2  
  62  17:21  Extractor  
  61  17:23  Extractor  
  61  17:27  Lurker x4  
  64  17:40  Overseer  
  64  17:41  Overseer  
  64  17:46  Drone x3  
  67  17:57  Drone  
  68  18:04  Zergling x4  
  68  18:05  Zergling x12  
  76  18:08  Zergling x6  
  79  18:40  Zergling x8  
  79  18:41  Zergling x2  
  83  18:55  Drone  
  83  18:56  Drone  
  78  19:03  Zerg Ground Armor Level 2  
  75  19:13  Hydralisk x3  
  75  19:16  Adaptive Talons  
  66  19:36  Hydralisk x2  
  69  19:44  Lurker x3  
  70  20:05  Spire  
  68  20:29  Drone x3  
  71  20:39  Spore Crawler  
  69  20:43  Spore Crawler  
  68  20:58  Lurker x2  
  68  21:03  Drone  
  68  21:04  Drone x2  
  73  21:06  Queen  
  68  21:19  Overseer  
  68  21:25  Hydralisk  
  68  21:26  Hydralisk  
  72  21:40  Zerg Flyer Weapons Level 1  
  72  21:46  Corruptor  
  74  21:57  Corruptor x4  
  56  22:40  Spore Crawler  
  55  23:07  Mutalisk x3  
  61  23:26  Corruptor x2  
  65  23:45  Corruptor  
Tags
 
Add a new tag
Caveats
  • Supply blocks, unpowered buildings, or Contaminate may cause inaccurate times.
  • Supply counts are checked every 10 seconds.